 Dungeon Crawl Stone Soup version 0.17-a0-1572-g7a1422d (webtiles) character file.

107 Chiseanne the Conjurer (level 4, -3/33 HPs)
             Began as a Demonspawn Wanderer on July 26, 2015.
             Slain by an orc wizard
             ... wielding a +0 dagger
              (6 damage)
             ... on level 3 of the Dungeon.
             The game lasted 00:06:56 (2961 turns).

Chiseanne the Conjurer (Demonspawn Wanderer)        Turns: 2961, Time: 00:06:56

Health: -3/33      AC:  3    Str: 14    XL:     4   Next: 57%
Magic:  2/8        EV: 16    Int: 14    God:
Gold:   77         SH:  0    Dex: 16    Spells: 4 memorised, 0 levels left

rFire  . . .     SeeInvis .     a - +1 short sword
rCold  . . .     Clarity  .     d - +1 robe
rNeg   . . .     SustAt   .     (no shield)
rPois  .         Gourm    .     (helmet restricted)
rElec  .         Spirit   .     (no cloak)
rCorr  .         Warding  .     (no gloves)
rMut   .         Stasis   .     (no boots)
MR     .....                    (no amulet)
Stlth  +++.......               (no ring)
                                (no ring)

@: agile, lethally poisoned (-3 -> -19), about to teleport, very slightly
contaminated, not resistant to hostile enchantments, fairly stealthy
A: antennae 1
a: no special abilities


You were on level 3 of the Dungeon.
You were hungry.

You visited 1 branch of the dungeon, and saw 3 of its levels.

You collected 77 gold pieces.

Inventory:

Hand weapons
 a - a +1 short sword (weapon)
Missiles
 f - 11 poisoned arrows
 j - 36 arrows
 l - 23 sling bullets
 q - 11 poisoned needles
Armour
 d - a +1 robe (worn)
Scrolls
 c - a scroll of teleportation
 i - a scroll of magic mapping
 k - 2 scrolls of identify
Books
 b - Kikubaaqudgha's Reference Book on Black Arts

   Spells                             Type                      Level
   a - Animate Skeleton               Necromancy                   1
   b - Pain                           Necromancy                   1
 o - a book of Air

   Spells                             Type                      Level
   a - Shock                          Conjuration/Air              1
   b - Swiftness                      Charms/Air                   2
   c - Repel Missiles                 Charms/Air                   2
   d - Static Discharge               Conjuration/Air              3
   e - Lightning Bolt                 Conjuration/Air              5
Miscellaneous
 e - a plain deck of wonders {the Alchemist}
Comestibles
 g - a bread ration
 m - a meat ration
 n - a beef jerky


   Skills:
 - Level 2.0 Fighting
 - Level 1.0 Throwing
 - Level 1.7 Stealth
   Level 1.0 Shields
 - Level 1.0 Unarmed Combat
 + Level 2.9 Spellcasting
 + Level 3.1 Conjurations
 - Level 1.0 Air Magic


You couldn't memorise any spells.
You knew the following spells:

 Your Spells              Type           Power        Failure   Level  Hunger
a - Shock                 Conj/Air       #...         12%         1    #......
b - Repel Missiles        Chrm/Air       #.....       30%         2    ##.....
c - Swiftness             Chrm/Air       #.......     30%         2    ##.....
d - Static Discharge      Conj/Air       #.......     30%         3    ###....


Dungeon Overview and Level Annotations

Branches:
Dungeon (3/15)

Altars:
Nemelex Xobeh

Annotations:
D:2 Sigmund
D:3 fneyf's ghost, average HOFi


Innate Abilities, Weirdness & Mutations

You have a pair of small antennae on your head.


Message History

A puff of flame appears from out of thin air!
The puff of flame hits you!
* * * LOW HITPOINT WARNING * * *
The ooze barely misses you.
* * * LOW HITPOINT WARNING * * *
You feel sick.
Read which item? (? for menu, Esc to quit)
As you read the scroll of teleportation, it crumbles to dust.
You feel strangely unstable.
* * * LOW HITPOINT WARNING * * *
You feel sick.
The orc hits you from afar with a trident of venom.
* * * LOW HITPOINT WARNING * * *
You are more poisoned.
Drink which item? (? for menu, Esc to quit)
You feel agile all of a sudden.
* * * LOW HITPOINT WARNING * * *
You feel sick. The ooze misses you. The orc closely misses you.
Something hits you.
You die...

#............#
#............#
#####............#
.................#
#...............#
#..)..(.......#
#.........o...#
...###.....o{..#
#....J@...#
##.........#
+.........###
##..#####.#
#..#####'######
#..#..........#
#..#..........#
......#..........#
.................#


You could see an ooze and 2 orcs.

Vanquished Creatures
  An orc priest (D:3)
  3 adders
  An ooze (D:1)
  4 giant geckos (D:2)
  An orc (D:3)
  6 goblins
  5 hobgoblins
  5 kobolds
  A quokka (D:3)
  5 bats
  2 giant cockroaches
  3 giant newts (D:1)
  10 rats
47 creatures vanquished.

Notes
Turn   | Place    | Note
--------------------------------------------------------------
     0 | D:1      | Chiseanne the Demonspawn Wanderer began the quest for the Orb.
     0 | D:1      | Chiseanne set off with: a book of Air, Kikubaaqudgha's Reference Book on Black Arts, a scroll of teleportation, a +0 robe, a +0 club, a +0 dagger, a bread ration
     0 | D:1      | Reached XP level 1. HP: 16/16 MP: 2/2
     1 | D:1      | Identified Kikubaaqudgha's Reference Book on Black Arts
     3 | D:1      | Learned a level 1 spell: Shock
   248 | D:1      | Gained mutation: You have a pair of small antennae on your head. [demonic ancestry]
   248 | D:1      | Reached XP level 2. HP: 22/22 MP: 0/4
  1178 | D:1      | Learned a level 2 spell: Repel Missiles
  1189 | D:1      | Found a sparkling altar of Nemelex Xobeh.
  1193 | D:1      | Learned a level 2 spell: Swiftness
  1707 | D:2      | Reached XP level 3. HP: 27/27 MP: 1/6
  1845 | D:2      | Noticed Sigmund
  2695 | D:3      | Reached XP level 4. HP: 33/33 MP: 0/8
  2704 | D:3      | Noticed fneyf's ghost (average HOFi)
  2866 | D:3      | Learned a level 3 spell: Static Discharge
  2893 | D:3      | Reached skill level 3 in Conjurations
  2961 | D:3      | Slain by an orc wizard

Vault maps used:
D:1:      dpeg_arrival_pond, st_stairs_8, nemelex_deck
D:2:      uniq_sigmund
D:3:      lemuel_zombie_altar_yredelemnul, first_bread,
          kennysheep_generic_room_12

Action                   |  1- 3 |  4- 6 || total
-------------------------+-------+-------++-------
Melee: Club              |    42 |       ||    42
       Short sword       |    31 |     2 ||    33
 Cast: Shock             |    94 |    19 ||   113
  Use: Scroll            |     7 |     1 ||     8
       Potion            |       |     1 ||     1
  Eat: Chunk             |     8 |       ||     8
